 Dungeon Crawl Stone Soup version 0.22.1-1-ga44c0e5 (webtiles) character file.

5859 harcile the Carver (level 10, -19/90 HPs)
             Began as a Hill Orc Fighter on Oct 18, 2018.
             Was a Priest of the Shining One.
             Killed from afar by a fire dragon (23 damage)
             ... with a blast of flame
             ... on level 9 of the Dungeon.
             The game lasted 00:25:05 (8506 turns).

harcile the Carver (Hill Orc Fighter)               Turns: 8506, Time: 00:25:06

Health: -19/90     AC: 15    Str: 21    XL:     10   Next: 81%
Magic:  0/10       EV:  9    Int:  8    God:    the Shining One [***...]
Gold:   272        SH: 18    Dex: 12    Spells: 9/9 levels left

rFire    + . .     SeeInvis .   a - +0 long sword
rCold    + . .     Gourm    .   c - +0 shield
rNeg     + . .     Faith    .   l - +5 ring mail {rC+}
rPois    +         Spirit   +   o - +0 helmet
rElec    .         Reflect  .   C - +1 cloak {rPois}
rCorr    .         Harm     .   (no gloves)
MR       .....                  (no boots)
Stlth    +.........             D - amulet of guardian spirit
HPRegen  0.25/turn              H - ring of poison resistance
MPRegen  0.12/turn              g - ring of protection from fire

@: divine shield, glowing
A: no striking features
a: Divine Shield, Renounce Religion


You were on level 9 of the Dungeon.
You worshipped the Shining One.
The Shining One was most pleased with you.
You were not hungry.

You visited 2 branches of the dungeon, and saw 10 of its levels.
You also visited: Sewer.

You collected 489 gold pieces.
You spent 217 gold pieces at shops.

Inventory:

Hand Weapons
 a - a +0 long sword (weapon)
 b - a +1 dagger of venom
 G - a +1 battleaxe of freezing
Armour
 c - a +0 shield (worn)
 k - a +0 cloak
 l - a +5 ring mail of cold resistance (worn)
 o - a +0 helmet (worn)
 B - a +0 cloak
 C - a +1 cloak of poison resistance (worn)
 K - a +2 ring mail of fire resistance
 M - a +2 ring mail of cold resistance
Jewellery
 g - a ring of protection from fire (right hand)
 s - a +5 ring of intelligence
 t - an uncursed ring of ice
 y - an uncursed ring of ice
 D - an amulet of guardian spirit (around neck)
 H - a ring of poison resistance (left hand)
 I - a +2 ring of strength {unknown}
Wands
 i - a wand of acid (11)
 q - a wand of polymorph (28)
 v - a wand of paralysis (9)
Scrolls
 h - 8 scrolls of identify
 n - 5 scrolls of teleportation
 p - 5 scrolls of remove curse
 r - 2 scrolls of enchant armour
 F - 4 scrolls of fog
 O - a scroll of enchant weapon {unknown}
Potions
 d - a potion of might
 e - 2 potions of brilliance {unknown}
 j - a potion of resistance {unknown}
 m - a potion of cancellation {unknown}
 u - a potion of agility {unknown}
 w - 2 potions of magic {unknown}
 x - a potion of invisibility {unknown}
 z - 5 potions of curing
 A - 2 potions of berserk rage {unknown}
 E - a potion of haste {unknown}
 J - a potion of degeneration {unknown}
 N - a potion of flight {unknown}
Comestibles
 f - 16 rations
 P - 6 chunks of flesh


   Skills:
 + Level 8.9 Fighting
 + Level 11.0 Long Blades
 + Level 7.1 Armour
 + Level 1.4 Stealth
 + Level 9.7 Shields
 + Level 0.6 Unarmed Combat


You had 9 spell levels left.
You didn't know any spells.
Your spell library contained the following spells:

 Spells                   Type           Power        Failure   Level  Hunger
 Beastly Appendage        Tmut           #.....       78%         1    ##.....
 Confusing Touch          Hex            #.....       78%         1    ##.....
 Corona                   Hex            #......      78%         1    ##.....
 Ensorcelled Hibernation  Hex/Ice        #.....       89%         2    ###....
 Sticks to Snakes         Tmut           #.......     89%         2    ###....
 Confuse                  Hex            #.......     98%         3    ####...
 Dazzling Spray           Conj/Hex       #.....       98%         3    ####...
 Gell's Gravitas          Tloc           #.........   98%         3    ####...
 Spider Form              Tmut/Pois      #.........   98%         3    ####...
 Tukima's Dance           Hex            #.......     98%         3    ####...
 Ice Form                 Ice/Tmut       #.......     100%        4    #####..
 Petrify                  Tmut/Erth      #.......     100%        4    #####..
 Blade Hands              Tmut           #.........   100%        5    ######.
 Metabolic Englaciation   Hex/Ice        #.........   100%        5    ######.
 Yara's Violent Unravell  Hex/Tmut       #.........   100%        5    ######.


Dungeon Overview and Level Annotations

Branches:
Dungeon (9/15)             Temple (1/1) D:5            Lair (0/6) D:9
    Orc: D:9-12

Altars:
Ashenzari
Cheibriados
Dithmenos
Elyvilon
Fedhas
Gozag
Kikubaaqudgha
Makhleb
Nemelex Xobeh
Okawaru
Qazlal
Ru
Sif Muna
Trog
Uskayaw
Vehumet
Wu Jian
Xom
Yredelemnul
Zin
The Shining One

Shops:
D:6 [[[[   D:7 *

Annotations:
D:4 2 runed doors, Lovchig's ghost, novice DDFi


Message History

You block the fire dragon's attack. x2
You slash the fire dragon!
The fire dragon is lightly wounded.
The fire dragon closely misses you. The fire dragon claws you!
* * * LOW HITPOINT WARNING * * *
The fire dragon tramples you but does no damage.
Okay, then.
Your shield is strengthened by the Shining One's divine power.
You feel slightly more hungry. You block the fire dragon's attack.
The fire dragon claws you!
* * * LOW HITPOINT WARNING * * *
The fire dragon tramples you.
* * * LOW HITPOINT WARNING * * *
You stumble backwards!
As you read the scroll labeled REIPRE QOMNYSK, it crumbles to dust.
You hear a loud clanging noise!
It was a scroll of noise.
The fire dragon breathes flames at you. The blast of flame hits you!
You resist.
You die...

.... #..# .###
#..# .# ##..# .##
#####..#
..######.....##
...##........#
.............###
.....÷.........###
#..........###..@#
############ ##sD#
#..# #......(≈≈
#..#...≈≈≈
#..##§.§≈. #..#
§≈§≈> ..## §§.. .#
§≈§


You could see a fire dragon and a scorpion.

Vanquished Creatures
  Pikel (D:4)
  Joseph (D:7)
  A troll (D:9)
  Grinder (D:6)
  A hornet (D:9)
  A hippogriff (D:9)
  A wraith (D:8)
  A wyvern (D:8)
  A steam dragon (D:9)
  A hungry ghost (D:8)
  Menkaure (D:5)
  A water moccasin (D:6)
  2 sky beasts
  2 orc warriors
  8 ogres
  A centaur (D:7)
  6 bullfrogs
  3 scorpions
  9 wights
  A howler monkey (D:4)
  4 crimson imps (D:5)
  3 bullfrog zombies
  Crazy Yiuf (D:4)
  A hound (D:6)
  3 jellies
  3 orc priests
  2 bullfrog skeletons
  A gnoll shaman (D:6)
  4 worker ants
  Terence (D:2)
  7 orc wizards
  An iguana (D:9)
  3 hound zombies
  3 hound skeletons (D:7)
  2 worker ant zombies
  Robin (D:2)
  11 adders
  7 gnolls
  3 shadow imps
  2 oozes
  2 worms
  4 leopard geckos
  28 orcs
  2 ball pythons
  4 giant cockroaches
  15 goblins
  9 hobgoblins
  10 jackals
  4 quokkas
  10 bats
  13 frilled lizards
  12 kobolds
  A leopard gecko zombie (D:5)
  2 quokka skeletons
  5 rats
228 creatures vanquished.

Vanquished Creatures (others)
  Sigmund (D:4)
  Duvessa (D:4)
  A slave (D:4)
  Dowan (D:4)
4 creatures vanquished.

Grand Total: 232 creatures vanquished

Notes
Turn   | Place    | Note
-------+----------+-------------------------------------------
     0 | D:1      | harcile the Hill Orc Fighter began the quest for the Orb.
     0 | D:1      | Reached XP level 1. HP: 19/19 MP: 1/1
   103 | D:1      | Reached XP level 2. HP: 22/27 MP: 2/2
   917 | D:2      | Reached XP level 3. HP: 33/33 MP: 3/3
   927 | D:2      | Noticed Robin
  1168 | D:2      | Killed Robin
  1287 | D:2      | Reached XP level 4. HP: 34/40 MP: 4/4
  1462 | D:2      | Noticed Terence
  1479 | D:2      | Killed Terence
  1479 | D:2      | Reached skill level 3 in Long Blades
  2018 | D:3      | Found a glowing drain.
  2032 | D:3      | Reached XP level 5. HP: 42/46 MP: 5/5
  2034 | Sewer    | Entered a sewer
  2824 | D:3      | Found an ornate altar of the Wu Jian Council.
  2824 | D:3      | Found a stormy altar of Qazlal.
  2953 | D:3      | Reached skill level 4 in Long Blades
  3379 | D:3      | Reached XP level 6. HP: 31/53 MP: 6/6
  3676 | D:4      | Reached skill level 5 in Shields
  3938 | D:4      | Found a runed door.
  3938 | D:4      | Noticed Lovchig's ghost (novice DDFi)
  3950 | D:4      | Found a runed door.
  4007 | D:4      | Noticed a slave
  4007 | D:4      | Noticed Pikel
  4008 | D:4      | Noticed a slave
  4008 | D:4      | Noticed a slave
  4008 | D:4      | Noticed a slave
  4032 | D:4      | Noticed Sigmund
  4033 | D:4      | Killed Pikel
  4033 | D:4      | Reached skill level 5 in Fighting
  4033 | D:4      | Reached skill level 6 in Long Blades
  4033 | D:4      | Reached skill level 5 in Armour
  4033 | D:4      | Reached XP level 7. HP: 19/61 MP: 7/7
  4049 | D:4      | Reached XP level 8. HP: 25/68 MP: 8/8
  4058 | D:4      | Killed Sigmund
  4321 | D:4      | Killed Dowan
  4416 | D:4      | Noticed Duvessa
  4424 | D:4      | Killed Duvessa
  4480 | D:4      | Found a runed door.
  4484 | D:4      | Noticed Crazy Yiuf
  4491 | D:4      | Paralysed by Crazy Yiuf for 5 turns
  4504 | D:4      | Killed Crazy Yiuf
  4787 | D:5      | Entered Level 5 of the Dungeon
  4872 | D:5      | Found an opulent altar of Gozag.
  4919 | D:5      | Found a staircase to the Ecumenical Temple.
  4975 | D:5      | Noticed Menkaure
  4986 | D:5      | Killed Menkaure
  5009 | Temple   | Entered the Ecumenical Temple
  5099 | Temple   | Became a worshipper of the Shining One
  5286 | D:5      | Reached skill level 7 in Long Blades
  5604 | D:6      | Found a shadowy altar of Dithmenos.
  6026 | D:6      | Found Vughejan's Antique Armour Shoppe.
  6033 | D:6      | Reached XP level 9. HP: 75/75 MP: 9/9
  6036 | D:6      | Bought a runed cloak for 217 gold pieces
  6099 | D:6      | Noticed Grinder
  6099 | D:6      | Paralysed by Grinder for 7 turns
  6108 | D:6      | Paralysed by Grinder for 6 turns
  6125 | D:6      | Killed Grinder
  6125 | D:6      | Reached skill level 8 in Long Blades
  6139 | D:6      | Found Soditobb's Antique Armour Boutique.
  6194 | D:6      | Reached * piety under the Shining One
  6238 | D:6      | Found Vutyilad's Armour Shoppe.
  6504 | D:6      | Found Vemapneo's Antique Armour Shop.
  6635 | D:7      | Found a sacrificial altar of Ru.
  6715 | D:7      | Reached ** piety under the Shining One
  6715 | D:7      | Reached skill level 9 in Long Blades
  6822 | D:7      | Found a white marble altar of Elyvilon.
  6828 | D:7      | Found Sige's Assorted Antiques.
  6963 | D:7      | Noticed Joseph
  7004 | D:7      | Killed Joseph
  7004 | D:7      | Reached skill level 1 in Stealth
  7483 | D:7      | Reached XP level 10. HP: 86/86 MP: 10/10
  7567 | D:8      | Reached skill level 10 in Long Blades
  8198 | D:8      | Identified a scroll of acquirement
  8288 | D:9      | Reached *** piety under the Shining One
  8362 | D:9      | Reached skill level 11 in Long Blades
  8493 | D:9      | Found a staircase to the Lair.
  8493 | D:9      | Noticed a fire dragon
  8505 | D:9      | HP: 4/90 [fire dragon (3)]
  8506 | D:9      | Killed from afar by a fire dragon

Skill      XL: |  1  2  3  4  5  6  7  8  9 10 |
---------------+-------------------------------+-----
Fighting       | 4 5 7 8 |  8.9
Shields        | 4 6 7 8 9 |  9.7
Long Blades    | 3 4 6 7 9 11 | 11.0
Armour         | 4 5 6 7 |  7.1
Stealth        | 1 |  1.4
Unarmed Combat | |  0.6

Action                   |  1- 3 |  4- 6 |  7- 9 | 10-12 || total
-------------------------+-------+-------+-------+-------++-------
Melee: Long sword        |   130 |   319 |   370 |   206 ||  1025
       Unarmed           |       |       |     6 |       ||     6
Invok: Divine Shield     |       |       |       |     1 ||     1
  Use: Scroll            |       |     6 |       |     4 ||    10
       Potion            |       |     1 |     1 |     3 ||     5
  Eat: Chunk             |     1 |    10 |     9 |     7 ||    27
       Ration            |       |       |     1 |       ||     1
Armor: Scale mail        |    66 |       |       |       ||    66
       Ring mail         |     6 |   220 |   122 |    72 ||   420
Dodge: Dodged            |    46 |   151 |   113 |    64 ||   374
Block: Shield            |    77 |   222 |   175 |   130 ||   604
       Rpst.: Long sword |    14 |    41 |    36 |    14 ||   105
